 Dungeon Crawl Stone Soup version 0.23-a0-239-g84a5ed2 (webtiles) character file.

41 PurpleRed the Sneak (level 3, -1/24 HPs)
             Began as an Octopode Wanderer on Sept 26, 2018.
             Slain by a gnoll
             ... wielding a +0 club
              (7 damage)
             ... on level 1 of the Dungeon.
             The game lasted 00:06:25 (1828 turns).

PurpleRed the Sneak (Octopode Wanderer)             Turns: 1828, Time: 00:06:26

Health: -1/24      AC:  1    Str: 10    XL:     3   Next: 52%
Magic:  0/7        EV: 12    Int: 19    God:
Gold:   31         SH:  4    Dex:  8    Spells: 3/8 levels left

rFire    + . .     SeeInvis .   r - +0 dagger
rCold    x . .     Gourm    .   (no shield)
rNeg     . . .     Faith    .   (helmet restricted)
rPois    .         Spirit   .   n - +4 amulet of reflection
rElec    .         Reflect  +   q - ring of fire
rCorr    .         Harm     .   (no ring)
MR       .....                  (no ring)
Stlth    +++.......             (no ring)
HPRegen  0.08/turn              (no ring)
MPRegen  0.10/turn              (no ring)
                                (no ring)
                                (no ring)

@: very slightly contaminated
A: almost no armour, stealthy swim, amphibious, 8 rings, constrict 8, camouflage
1, gelatinous body 1
a: no special abilities


You were on level 1 of the Dungeon.
You were very hungry.

You visited 1 branch of the dungeon, and saw 2 of its levels.

You collected 31 gold pieces.

Inventory:

Hand Weapons
 c - a +0 club
 d - a +0 dagger
 r - a +0 dagger (weapon)
Missiles
 k - 6 tomahawks (quivered)
Armour
 b - a +0 shield
Jewellery
 n - a +4 amulet of reflection (around mantle)
 q - a ring of fire (left tentacle)
Scrolls
 e - 3 scrolls of remove curse
 j - a scroll of identify
 l - 2 scrolls of immolation {unknown}
 o - a scroll of fear {unknown}
Potions
 a - a potion of brilliance
 g - a potion of invisibility {unknown}
 h - a potion of flight {unknown}
 m - a potion of heal wounds {unknown}
 p - a potion of haste {unknown}
Comestibles
 f - a ration


   Skills:
 - Level 2.0 Fighting
 - Level 0.8 Dodging
 - Level 3.1 Stealth
 + Level 3.1 Spellcasting
   Level 1.0 Charms
 + Level 3.1 Necromancy
   Level 1.2 Poison Magic


You had 3 spell levels left.
You knew the following spells:

 Your Spells              Type           Power        Failure   Level  Hunger
a - Pain                  Necr           ###.         4%          1    None
b - Animate Skeleton      Necr           N/A          4%          1    None
c - Vampiric Draining     Necr           ###.......   12%         3    ###....

Your spell library contained the following spells:

 Spells                   Type           Power        Failure   Level  Hunger
 Sting                    Conj/Pois      #...         12%         1    None
 Regeneration             Chrm/Necr      ##........   19%         3    ###....
 Mephitic Cloud           Conj/Pois/Air  #.......     36%         3    ###....
 Animate Dead             Necr           N/A          38%         4    ####...


Dungeon Overview and Level Annotations

Branches:
Dungeon (2/15)

Altars:


Innate Abilities, Weirdness & Mutations

You cannot wear most types of armour.
You are very stealthy in the water. (Stealth+)
You are amphibious.
You can wear up to eight rings at the same time.
You can use your tentacles to constrict eight enemies at once.
Your skin changes colour to match your surroundings (Stealth+).
Your rubbery body absorbs attacks. (AC +1, EV +1)


Message History

Casting: Vampiric Draining (safe; 12% risk of failure)
Confirm with . or Enter, or press ? or * to list all spells.
Aiming: Vampiric Draining (safe; 12% risk of failure)
Press: ? - help, Shift-Dir - straight line, f - gnoll
Aim: a gnoll, wielding a club The gnoll is severely wounded.
You feel life coursing into your body.
You are feeling very hungry.
The gnoll hits you with a club!
* * * LOW HITPOINT WARNING * * *
You see here a halberd.
Casting: Vampiric Draining (safe; 12% risk of failure)
Confirm with . or Enter, or press ? or * to list all spells.
Aiming: Vampiric Draining (safe; 12% risk of failure)
Press: ? - help, Shift-Dir - straight line, f/p - gnoll
Aim: a gnoll, wielding a club (severely wounded)
You miscast Vampiric Draining.
You are very lightly contaminated with residual magic.
You feel very uncomfortable. The gnoll hits you with a club!
You die...

#.# #.# #### ##'#########
...########..........#
.....................#
.....................############
..รท.....[........................
...........................######
.#..............@g.....)...#
##...........#'######......#
##..###'######.# #......# ....#
#.# #.# #......# ....# #.######.#
#......# ....# #...(....# #......#
....############ #......#
.........# #......# .........#
##### #......#


You could see a gnoll.

Vanquished Creatures
  A gnoll (D:1)
  A worm (D:2)
  2 dart slugs
  4 bats (D:1)
  5 goblins
  4 hobgoblins
  2 kobolds (D:1)
  2 frilled lizards (D:2)
  3 rats (D:1)
24 creatures vanquished.

Notes
Turn   | Place    | Note
-------+----------+-------------------------------------------
     0 | D:1      | PurpleRed the Octopode Wanderer began the quest for the
                  | Orb.
     0 | D:1      | PurpleRed set off with: a +0 club, a +0 dagger, a ration
     0 | D:1      | Reached XP level 1. HP: 11/11 MP: 4/4
    48 | D:1      | Learned a level 1 spell: Pain
    54 | D:1      | Learned a level 1 spell: Animate Skeleton
   288 | D:1      | Reached skill level 1 in Fighting
   382 | D:1      | Reached XP level 2. HP: 15/18 MP: 3/6
  1234 | D:2      | Reached XP level 3. HP: 17/24 MP: 0/7
  1290 | D:2      | Learned a level 3 spell: Vampiric Draining
  1828 | D:1      | Slain by a gnoll

Vault maps used:
D:1:      mainiacjoe_arrival_reflecting_pool
D:2:      overflow_temple_1_default, minivault_11, columned_hall_lemuel,
          uniq_crazy_yiuf_cottage

Skill      XL: |  1  2 |
---------------+-------+-----
Stealth        | 3 |  3.1
Fighting       | 1 2 |  2.0
Dodging        | |  0.8
Spellcasting   | |  3.1
Charms         | |  1.0
Necromancy     | |  3.1
Poison Magic   | |  1.2

Action                   || total
-------------------------++-------
Melee: Club              ||     9
       Constrict         ||     5
       Dagger            ||     3
       Tentacles         ||     2
 Cast: Pain              ||    49
       Vampiric Draining ||     5
  Use: Scroll            ||     2
 Stab: Sleeping          ||     1
  Eat: Chunk             ||     2
Armor: Skin              ||     1
Dodge: Dodged            ||    19

Table legend:
 A = Non-vault XP
 B = Vault XP
 C = Vault XP percentage of total XP
 D = Non-vault monster count
 E = Vault monster count
 F = Vault count percentage of total count
                 A         B        C        D         E       F
            +---------+---------+-------+---------+---------+-------
      Total |      59 |       0 |   0.0 |      24 |       0 |   0.0
            +---------+---------+-------+---------+---------+-------
        D:1 |      43 |       0 |   0.0 |      17 |       0 |   0.0
        D:2 |      16 |       0 |   0.0 |       7 |       0 |   0.0
            +---------+---------+-------+---------+---------+-------
